 Dungeon Crawl Stone Soup version 0.26-a0-952-g76694b35de (webtiles) character file.

Game seed: 11714339388019204942

15673 mhtbhm the Basher (level 12, -4/75 HPs)
             Began as a Gargoyle Fighter on Nov 29, 2020.
             Was a High Priest of Okawaru.
             Slain by a cane toad (14 damage)
             ... on level 2 of the Lair of Beasts.
             The game lasted 00:17:11 (11515 turns).

mhtbhm the Basher (Gargoyle Fighter)               Turns: 11515, Time: 00:17:12

Health: -4/75      AC: 27    Str: 26    XL:     12   Next: 29%
Magic:  17/17      EV: 13    Int:  8    God:    Okawaru [*****.]
Gold:   338        SH: 12    Dex: 12    Spells: 11/11 levels left

rFire    . . .     SeeInvis +   a - +2 flail (protect)
rCold    + . .     Faith    .   c - +0 kite shield
rNeg     + + .     Spirit   .   b - +1 ring mail of True Grit {*Drain rN+ Regen+ Dex+3} (curse)
rPois    ∞         Reflect  .   o - +2 helmet
rElec    +         Harm     +   m - scarf {harm}
rCorr    .         Rampage  .   (no gloves)
MR       .....                  (no boots)
Stlth    +.........             A - amulet of the acrobat
HPRegen  0.62/turn              G - ring of see invisible
MPRegen  0.15/turn              r - ring of protection from cold

@: protection aura
A: negative energy resistance 1, electricity resistance, unbreathing,
petrification resistance, rot immunity, AC +8
a: Heroism, Finesse, Renounce Religion


You were on level 2 of the Lair of Beasts.
You worshipped Okawaru.
Okawaru was extremely pleased with you.
You visited 3 branches of the dungeon, and saw 15 of its levels.

You collected 730 gold pieces.
You spent 392 gold pieces at shops.

Inventory:

Hand Weapons
 a - a +2 flail of protection (weapon)
 I - a +3 mace
Missiles
 y - 4 datura-tipped darts (quivered)
Armour
 b - the cursed +1 ring mail of True Grit (worn) {*Drain rN+ Regen+ Dex+3}
   (You found it on level 10 of the Dungeon)

   It affects your dexterity (+3).
   It protects you from negative energy.
   It increases your rate of regeneration.
   It causes draining when unequipped.
   It has a curse placed upon it.
 c - a +0 kite shield (worn)
 m - a scarf of harm (worn)
 o - a +2 helmet (worn)
Jewellery
 r - a ring of protection from cold (right hand)
 s - an uncursed ring of protection from magic
 A - an amulet of the acrobat (around neck)
 C - an uncursed ring of flight
 G - a ring of see invisible (left hand)
Wands
 v - a wand of acid (11)
 J - a wand of digging (6)
Scrolls
 d - a scroll of identify
 e - 3 scrolls of remove curse
 g - 4 scrolls of enchant weapon
 i - 5 scrolls of teleportation
 j - a scroll of fear
 k - 3 scrolls of enchant armour
 t - a scroll of immolation
 u - a scroll of blinking
 w - a scroll of magic mapping
 B - a scroll of vulnerability {unknown}
 E - a scroll of random uselessness {unknown}
 F - a scroll of noise {unknown}
 H - a scroll of acquirement {unknown}
Potions
 f - 3 potions of mutation
 h - 2 potions of curing
 l - 3 potions of attraction
 n - 2 potions of cancellation
 p - a potion of magic {unknown}
 q - 4 potions of flight
 x - 2 potions of brilliance
 z - a potion of ambrosia {unknown}
 D - a potion of lignification {unknown}
 K - a potion of invisibility {unknown}


   Skills:
 * Level 8.4 Fighting
 + Level 10.8 Maces & Flails
 * Level 9.0 Armour
 + Level 5.5 Dodging
 + Level 1.9 Stealth
 + Level 10.3 Shields
 * Level 7.1 Invocations
 + Level 0.2 Evocations


You had 11 spell levels left.
You didn't know any spells.
Your spell library contained the following spells:

 Spells                   Type           Power        Failure   Level
 Beastly Appendage        Tmut           #.....       75%         1
 Corona                   Hex            #......      75%         1
 Ensorcelled Hibernation  Hex/Ice        #.....       86%         2
 Wereblood                Tmut           #.......     86%         2
 Confusing Touch          Hex            #.......     98%         3
 Dazzling Flash           Conj/Hex       #.....       98%         3
 Spider Form              Tmut/Pois      #.........   98%         3
 Tukima's Dance           Hex            #.......     98%         3
 Ice Form                 Ice/Tmut       #.......     100%        4
 Blade Hands              Tmut           #.........   100%        5


Dungeon Overview and Level Annotations

Branches:
Dungeon (12/15)            Temple (1/1) D:7            Lair (2/6) D:11
  Swamp: Lair:2-4    Shoals: Lair:2-4     Snake: Lair:2-4    Spider: Lair:2-4
    Orc: D:9-12

Altars:
Cheibriados
Dithmenos
Elyvilon
Fedhas
Makhleb
Nemelex Xobeh
Okawaru
Qazlal
Sif Muna
Uskayaw
Xom
Yredelemnul
Zin

Shops:
D:6 *   D:7 (   D:8 ?


Innate Abilities, Weirdness & Mutations

You are resistant to torment.
Your stone body is resilient. (AC +8)
You are immune to poison.
You resist negative energy. (rN+)
You are resistant to electric shocks. (rElec)
You can survive without breathing.
You are immune to petrification.
You are immune to rotting.


Message History

You hit the cane toad but do no damage.
The cane toad is moderately wounded.
The cane toad stings you.
You sock the cane toad!
The cane toad is severely wounded.
The cane toad stings you! You block the cane toad's attack.
You hit the cane toad.
The cane toad is severely wounded.
You block the cane toad's attack.
You hit the cane toad.
The cane toad is almost dead.
The cane toad stings you!
* * * LOW HITPOINT WARNING * * *
You hit the cane toad but do no damage.
The cane toad is almost dead.
The cane toad barely misses you.
You barely miss the cane toad.
The cane toad is almost dead.
The cane toad stings you!
You die...

... ..... >?.
##P....... .....
#P..............
#..............
#......#<#.#.#
##...........
#P.....#.#.#.#.#
###.......†....(.
#@F.....#.#.#.#.#
###..............
#.....#.#.#.#.#
#.............
#.....#.#.#.#.#
#...............
##.....#.#.#.#.#
#..............
#..........#.#


You could see a cane toad.

Vanquished Creatures
  Snorg (D:10)
  Josephine (D:10)
  A boulder beetle (D:12)
  Harold (D:10)
  Urug (D:11)
  An ugly thing (D:11)
  Maggie (D:9)
  2 cane toads
  A komodo dragon (Lair:1)
  Sigmund (D:6)
  5 wraiths (D:10)
  9 yaks
  Grum (D:11)
  Eustachio (D:6)
  A wyvern (D:9)
  3 basilisks
  A steam dragon (D:9)
  A vampire mosquito (D:9)
  Menkaure (D:6)
  6 water moccasins
  4 orc warriors
  4 phantoms
  2 sky beasts
  A hornet zombie (D:8)
  2 black bears
  A necrophage (D:10)
  6 ice beasts
  2 ogres (D:10)
  4 wolves
  7 centaurs
  Blork the orc (D:6)
  10 bullfrogs
  A big kobold (D:12)
  A wyvern zombie (D:10)
  A gnoll sergeant (D:10)
  A wyvern skeleton (D:11)
  5 scorpions
  12 killer bees
  13 wights
  A howler monkey (D:11)
  An electric eel (D:6)
  A bullfrog zombie (D:9)
  6 hounds
  3 lava snakes (D:9)
  A quasit (D:5)
  4 jellies
  4 orc priests
  A bullfrog skeleton (D:9)
  A centaur skeleton (D:3)
  4 iguanas
  11 orc wizards
  A worker ant (D:8)
  A killer bee zombie (D:7)
  A hound zombie (D:7)
  A hound skeleton (D:7)
  A worker ant zombie (D:5)
  Robin (D:2)
  2 gnolls (D:10)
  A howler monkey skeleton (D:6)
  7 adders
  5 white imps
  2 ufetubi (D:10)
  2 oozes (D:7)
  2 adder zombies (D:5)
  3 adder skeletons
  3 worms
  2 dart slugs (D:1)
  5 leopard geckos
  38 orcs
  9 bats
  5 giant cockroaches
  2 gnoll zombies (D:6)
  13 goblins
  11 hobgoblins
  5 jackals
  2 quokkas
  4 frilled lizards
  14 kobolds
  A leopard gecko skeleton (D:6)
  A leopard gecko zombie (D:5)
  6 rats
307 creatures vanquished.

Vanquished Creatures (collateral kills)
  A gnoll (D:10)
  3 orcs (D:10)
4 creatures vanquished.

Vanquished Creatures (others)
  2 gnolls (D:10)
  14 fungi
  11 plants
27 creatures vanquished.

Grand Total: 338 creatures vanquished

Notes
Turn   | Place    | Note
-------+----------+-------------------------------------------
     0 | D:1      | mhtbhm the Gargoyle Fighter began the quest for the Orb.
     0 | D:1      | Reached XP level 1. HP: 14/14 MP: 1/1
   180 | D:1      | Reached XP level 2. HP: 18/19 MP: 2/2
   873 | D:1      | Reached XP level 3. HP: 23/23 MP: 3/3
  1035 | D:2      | Noticed Robin
  1046 | D:2      | Killed Robin
  1074 | D:2      | Reached XP level 4. HP: 20/29 MP: 4/4
  1711 | D:3      | Reached XP level 5. HP: 33/33 MP: 5/5
  2441 | D:4      | You fall into a shaft and drop 2 floors!
  2453 | D:6      | Noticed Blork the orc
  2471 | D:6      | Killed Blork the orc
  2472 | D:6      | Reached skill level 1 in Dodging
  2472 | D:6      | Reached XP level 6. HP: 39/39 MP: 6/6
  2503 | D:6      | Noticed an ice beast
  2522 | D:6      | Killed an ice beast
  2523 | D:6      | Reached skill level 5 in Shields
  2707 | D:6      | Found a snail-covered altar of Cheibriados.
  2734 | D:6      | Noticed Sigmund
  2742 | D:6      | Killed Sigmund
  2743 | D:6      | Reached XP level 7. HP: 31/44 MP: 7/7
  2750 | D:5      | Entered Level 5 of the Dungeon
  2770 | D:5      | Reached skill level 5 in Maces & Flails
  3288 | D:5      | Found a shimmering blue altar of Sif Muna.
  3637 | D:5      | Reached XP level 8. HP: 35/48 MP: 8/8
  4069 | D:6      | Found Kuseij's Assorted Antiques.
  4122 | D:6      | Found a white marble altar of Elyvilon.
  4147 | D:6      | Found a shimmering altar of Xom.
  4148 | D:6      | Found a blossoming altar of Fedhas.
  4210 | D:6      | Reached skill level 5 in Armour
  4217 | D:6      | Noticed Eustachio
  4219 | D:6      | Found a stormy altar of Qazlal.
  4315 | D:6      | Killed Eustachio
  4318 | D:6      | Reached skill level 5 in Fighting
  4339 | D:6      | Noticed Menkaure
  4351 | D:6      | Killed Menkaure
  4361 | D:6      | Became a worshipper of Elyvilon the Healer
  4647 | D:6      | Found a basalt altar of Yredelemnul.
  5079 | D:7      | Reached XP level 9. HP: 50/54 MP: 9/9
  5157 | D:7      | Found a staircase to the Ecumenical Temple.
  5177 | Temple   | Entered the Ecumenical Temple
  5248 | Temple   | Fell from the grace of Elyvilon
  5248 | Temple   | Became a worshipper of Warmaster Okawaru
  5368 | D:7      | Reached skill level 1 in Invocations
  5591 | D:7      | Found a hide-covered altar of Uskayaw.
  5654 | D:7      | Reached * piety under Okawaru
  6056 | D:7      | Found Wuclept's Weapon Shoppe.
  6746 | D:8      | Reached ** piety under Okawaru
  6747 | D:8      | Reached skill level 1 in Stealth
  6919 | D:8      | Reached XP level 10. HP: 60/60 MP: 12/12
  7086 | D:8      | Found Citt's Magic Scroll Shop.
  7093 | D:8      | Bought a scroll of identify for 32 gold pieces
  7093 | D:8      | Bought a scroll of enchant weapon for 120 gold pieces
  7093 | D:8      | Bought a scroll of enchant weapon for 120 gold pieces
  7093 | D:8      | Bought a scroll of enchant armour for 120 gold pieces
  8144 | D:9      | Found a shadowy altar of Dithmenos.
  8156 | D:9      | Reached *** piety under Okawaru
  8423 | D:9      | Noticed Maggie
  8442 | D:9      | Killed Maggie
  9028 | D:10     | Entered Level 10 of the Dungeon
  9142 | D:10     | Noticed Josephine
  9149 | D:10     | Reached **** piety under Okawaru
  9150 | D:10     | Reached skill level 10 in Maces & Flails
  9165 | D:10     | Killed Josephine
  9166 | D:10     | Reached skill level 5 in Invocations
  9166 | D:10     | Reached XP level 11. HP: 18/67 MP: 12/14
  9168 | D:10     | Noticed Snorg
  9476 | D:10     | Found a blossoming altar of Fedhas.
  9536 | D:10     | Got a bronze ring mail
  9542 | D:10     | Identified the cursed +1 ring mail of True Grit {*Drain rN+
                  | Regen+ Dex+3} (You found it on level 10 of the Dungeon)
  9877 | D:10     | Reached ***** piety under Okawaru
  9948 | D:10     | Killed Snorg
 10058 | D:10     | Noticed Harold
 10076 | D:10     | Killed Harold
 10416 | D:11     | Noticed a white ugly thing
 10431 | D:11     | Killed a white ugly thing
 10432 | D:11     | Reached skill level 5 in Dodging
 10533 | D:11     | Noticed Grum
 10564 | D:11     | Noticed Urug
 10572 | D:12     | Received a gift from Okawaru
 10587 | D:12     | Got a pitted dire flail {god gift}
 10596 | D:12     | Identified the +7 dire flail of the Thoughtful Spirits
                  | {pain, rPois} (Okawaru gifted it to you on level 12 of the
                  | Dungeon)
 10711 | D:12     | Noticed a boulder beetle
 10757 | D:12     | Killed a boulder beetle
 10826 | D:11     | Killed Urug
 10827 | D:11     | Reached XP level 12. HP: 8/73 MP: 14/16
 10931 | D:11     | Killed Grum
 10991 | D:11     | Reached skill level 10 in Shields
 11093 | D:11     | Found a staircase to the Lair.
 11303 | Lair:1   | Entered Level 1 of the Lair of Beasts
 11466 | Lair:1   | You fall into a shaft and drop 1 floor!
 11508 | Lair:2   | Received a gift from Okawaru
 11515 | Lair:2   | Slain by a cane toad

Illustrated notes

Levels and vault maps discovered:
D:1:      dpeg_arrival_rhombus, layout_loops_ring
D:2:      layout_rooms, uniq_robin
D:3:      layout_loops_ring
D:4:      minmay_polygon_palace, layout_cave_pools, minivault_24,
          kennysheep_big_empty_room
D:5:      layout_loops_ring, tgw_sif
D:6:      layout_cave_pools, lemuel_zombie_altar_yredelemnul,
          chequers_temple_overflow_statue_of_worship, serial_shops,
          nicolae_shop_crystal, basic_altar, nicolae_water_bricks, uniq_sigmund,
          uniq_blork_the_orc, uniq_eustachio, uniq_menkaure
D:7:      layout_basic, lemuel_doored_altar, minmay_temple_entry_waves,
          serial_shops, shop
D:8:      layout_rooms, serial_shops, shop_scrolls, lightli_orcish_oven
D:9:      kennysheep_big_flooded_room, layout_loops_ring,
          nicolae_dithmenos_the_darkroom, uniq_maggie
D:10:     layout_layer_cave, fedhas_altar_fruit_tree, uniq_josephine,
          uniq_snorg, uniq_harold
D:11:     layout_cave_pools, grunt_lair_entry_orc_guard_hut, uniq_urug,
          uniq_grum
D:12:     layout_stronghold, orc_0_dummy, uniq_rupert, uniq_nessos
Temple:   regret_index_temple_waves
Lair:1:   layout_chaotic_city, grunt_megastairs_2
Lair:2:   layout_gridlike, minmay_shoals_entry_hut,
          minmay_snake_entry_six_corridors, st_stairs_10,
          minmay_lair_oklob_chamber, uniq_erica

Skill      XL: |  1  2  3  4  5  6  7  8  9 10 11 12 |
---------------+-------------------------------------+-----
Shields        | 4 5 6 7 8 9 10 | 10.3
Fighting       | 4 5 7 8 |  8.4
Maces & Flails | 3 4 5 6 8 10 | 10.8
Dodging        | 1 2 3 4 5 |  5.5
Armour         | 4 5 6 7 8 9 |  9.0
Invocations    | 2 5 6 7 |  7.1
Stealth        | 1 |  1.9
Evocations     | |  0.2

Action                   |  1- 3 |  4- 6 |  7- 9 | 10-12 || total
-------------------------+-------+-------+-------+-------++-------
Melee: Flail             |   124 |   152 |   242 |   692 ||  1210
       Mace              |       |       |   341 |       ||   341
Throw: Dart              |       |       |       |     4 ||     4
Invok: Heroism           |       |       |       |     2 ||     2
Evoke: Wand              |       |     1 |     4 |     4 ||     9
  Use: Scroll            |       |     8 |     7 |     4 ||    19
       Potion            |       |       |       |     4 ||     4
 Stab: Sleeping          |       |       |     1 |       ||     1
Armor: Scale mail        |    74 |    77 |   254 |       ||   405
       Ring mail         |       |       |   112 |   301 ||   413
Dodge: Dodged            |    41 |    36 |   229 |   421 ||   727
Block: Kite shield       |    80 |    80 |   387 |   509 ||  1056

Table legend: (Time is in decaauts)
 A = Elapsed time spent in this place.
 B = Non-inter-level travel time spent in this place.
 C = Inter-level travel time spent in this place.
 D = Time resting spent in this place.
 E = Time spent auto-exploring this place.
 F = Levels seen in this place.
 G = Mean time per level.
                   A        B        C        D        E       F      G
               +--------+--------+--------+--------+--------+-----+--------+
         Total |  11668 |  11467 |    201 |   1181 |   7093 |  15 |  777.9 |
       Dungeon |  11373 |  11172 |    201 |   1181 |   6953 |  12 |  947.8 |
        Temple |     94 |     94 |      0 |      0 |     65 |   1 |   94.0 |
          Lair |    201 |    201 |      0 |      0 |     75 |   2 |  100.5 |
               +--------+--------+--------+--------+--------+-----+--------+

Top non-repeatable levels by time:
     D:9: 1794 daAuts
     D:7: 1493 daAuts
    D:10: 1337 daAuts
     D:6: 1322 daAuts
     D:5: 1218 daAuts
     D:1: 1038 daAuts
     D:3: 789 daAuts
     D:8: 743 daAuts
    D:11: 631 daAuts
     D:2: 622 daAuts
    D:12: 311 daAuts
  Lair:1: 156 daAuts
  Temple: 94 daAuts
     D:4: 69 daAuts
  Lair:2: 44 daAuts
